 Dungeon Crawl Stone Soup version 0.30-a0-728-gc68057be0a (webtiles) character file.

Game seed: 2172430515588148106

93 hikkokomori the Conjurer (level 4, 0/27 HPs)
             Began as a Tengu Reaver on Feb 1, 2023.
             Slain by a gnoll
             ... wielding a +0 flail
              (9 damage)
             ... on level 3 of the Dungeon.
             The game lasted 00:03:46 (1935 turns).

hikkokomori the Conjurer (Tengu Reaver)             Turns: 1935, Time: 00:03:46

Health: 0/27       AC:  4    Str: 13    XL:     4   Next: 62%
Magic:  8/8        EV: 12    Int: 19    God:
Gold:   113        SH:  0    Dex: 14    Spells: 6/7 levels left

rFire   . . .      SeeInvis .    a - +0 falchion
rCold   . . .      Faith    .    (no shield)
rNeg    . . .      Spirit   .    b - +0 leather armour
rPois   .          Reflect  .    (helmet restricted)
rElec   .          Harm     .    (no cloak)
rCorr   .          Rampage  .    p - +0 pair of gloves
Will    .....                    (boots unavailable)
Stlth   ++                       (no amulet)
HPRegen 0.24/turn                f - +6 ring of intelligence
MPRegen 0.11/turn                (no ring)

@: no status effects
A: beak, talons 3
a: no special abilities


You were on level 3 of the Dungeon.
You visited 1 branch of the dungeon, and saw 3 of its levels.

You collected 113 gold pieces.

Inventory:

Hand Weapons
 a - a +0 falchion (weapon)
Missiles
 c - 9 poisoned darts
Armour
 b - a +0 leather armour (worn)
 e - a +0 ring mail
 p - a +0 pair of gloves (worn)
Jewellery
 f - a +6 ring of intelligence (left hand)
Scrolls
 g - a scroll of vulnerability {unknown}
 h - a scroll of poison {unknown}
 i - a scroll of teleportation {unknown}
 k - 2 scrolls of identify
 l - 5 scrolls of fear
 m - a scroll of magic mapping {unknown}
Potions
 d - a potion of haste {unknown}
 j - a potion of heal wounds
 n - 2 potions of curing
 o - a potion of flight {unknown}


   Skills:
 + Level 2.8 Fighting
 + Level 3.9 Long Blades
 - Level 2.1 Dodging
 + Level 2.0 Stealth
 - Level 2.0 Spellcasting
 + Level 5.1 Conjurations


You had 6 spell levels left.
You knew the following spells:

 Your Spells              Type           Power      Damage    Failure   Level
a - Kiss of Death         Conj/Necr      44%        2d8       8%          1

Your spell library contained the following spells:

 Spells                   Type           Power      Damage    Failure   Level
 Magic Dart               Conj           84%        1d7       2%          1
 Searing Ray              Conj           42%        2d6       4%          2
 Momentum Strike          Conj/Tloc      22%        3d8       12%         2
 Hailstorm                Conj/Ice       11%        3d5       22%         3
 Stone Arrow              Conj/Erth      22%        3d8       22%         3
 Confusing Touch          Hex            1%         N/A       54%         3
 Gell's Gravitas          Tloc           1%         N/A       54%         3
 Teleport Other           Tloc           1%         N/A       54%         3
 Fulminant Prism          Conj/Hex       5%         3d7       58%         4
 Animate Armour           Summ/Erth      2%         N/A       91%         4
 Dispel Undead            Necr           1%         3d6       91%         4
 Dispersal                Tloc           0%         N/A       100%        6
 Lehudib's Crystal Spear  Conj/Erth      5%         10d3      100%        8


Dungeon Overview and Level Annotations

Branches:
Dungeon (3/15)

Altars:

Shops:
D:1 ?


Innate Abilities, Weirdness & Mutations

You have a beak for a mouth.
You have claws for feet.


Message History

You slash the gnoll!
You kill the gnoll!
The quokka misses you.
Your Stealth skill increases to level 2!
You hit the quokka.
You kill the quokka!
You hit the gnoll.
The gnoll is moderately wounded.
The gnoll hits you with a +0 whip.
You closely miss the gnoll. You claw the gnoll.
You punch the gnoll, but do no damage.
The gnoll is severely wounded.
The gnoll completely misses you.
You closely miss the gnoll.
The gnoll is severely wounded.
The gnoll hits you with a +0 whip!
* * * LOW HITPOINT WARNING * * *
You are too injured to fight recklessly!
You are too injured to fight recklessly!
You are too injured to fight recklessly!
You are too injured to fight recklessly!
You are too injured to fight recklessly!
You are too injured to fight recklessly!
You are too injured to fight recklessly!
You are too injured to fight recklessly!
You are too injured to fight recklessly!
You are too injured to fight recklessly!
You are too injured to fight recklessly!
You are too injured to fight recklessly!
You are too injured to fight recklessly!
You closely miss the gnoll. Your peck misses the gnoll.
The gnoll is severely wounded.
The gnoll closely misses you.
You hit the gnoll.
The gnoll is almost dead.
The gnoll closely misses you.
You closely miss the gnoll. You claw the gnoll.
You kill the gnoll!
The gnoll hits you with a +0 flail!
You die...

.......###'##
#..........#
######.###.#
############
########.....#
.......'...###
########...#
#...# #### .
#...# ... ...
###.###.#.....
#..@g...#
#####g#.# .#
g# ##


You could see 2 gnolls.

Vanquished Creatures
  2 gnolls (D:3)
  2 adders
  A worm (D:2)
  A dart slug (D:1)
  9 ball pythons
  6 endoplasms (D:1)
  6 giant cockroaches
  5 goblins
  4 hobgoblins
  2 jackals (D:2)
  4 quokkas
  3 bats
  4 frilled lizards
  3 kobolds (D:1)
  4 rats
56 creatures vanquished.

Notes
Turn   | Place    | Note
-------+----------+-------------------------------------------
     0 | D:1      | hikkokomori the Tengu Reaver began the quest for the Orb.
     0 | D:1      | Reached XP level 1. HP: 12/12 MP: 4/4
   107 | D:1      | Reached XP level 2. HP: 11/17 MP: 6/6
   375 | D:1      | Reached skill level 1 in Stealth
   483 | D:1      | Reached XP level 3. HP: 22/22 MP: 7/7
   528 | D:1      | Found a faded altar of an unknown god.
   630 | D:1      | Found Roir's Magic Scroll Shop.
  1290 | D:2      | Reached XP level 4. HP: 14/27 MP: 8/8
  1576 | D:2      | Reached skill level 5 in Conjurations
  1935 | D:3      | Slain by a gnoll

Illustrated notes

Levels and vault maps discovered:
D:1:      erik_arrival_cave_to_civilisation [erik_arrival_cave_to_hall],
          layout_basic, serial_shops, shop, ebering_ecumenical_altar_webs
D:2:      layout_basic
D:3:      layout_basic, uniq_natasha

Skill      XL: |  1  2  3  4 |
---------------+-------------+-----
Stealth        | 1 2 |  2.0
Conjurations   | 5 |  5.1
Fighting       | |  2.8
Long Blades    | |  3.9
Dodging        | |  2.1
Spellcasting   | |  2.0

Action                     |  1- 3 |  4- 6 || total
---------------------------+-------+-------++-------
  Melee: Falchion          |    89 |    42 ||   131
         Kick              |    22 |    13 ||    35
         Peck              |    11 |     6 ||    17
         Punch             |     1 |     2 ||     3
    Use: Potion            |       |     2 ||     2
         Scroll            |       |     1 ||     1
   Stab: Sleeping          |     2 |     1 ||     3
 Armour: Leather armour    |    21 |    10 ||    31
  Dodge: Dodged            |    48 |    26 ||    74

Table legend: (Time is in decaauts)
 A = Elapsed time spent in this place.
 B = Non-inter-level travel time spent in this place.
 C = Inter-level travel time spent in this place.
 D = Time resting spent in this place.
 E = Time spent auto-exploring this place.
 F = Levels seen in this place.
 G = Mean time per level.
                   A        B        C        D        E       F      G
               +--------+--------+--------+--------+--------+-----+--------+
         Total |   1948 |   1822 |    126 |     38 |   1409 |   3 |  649.3 |
       Dungeon |   1948 |   1822 |    126 |     38 |   1409 |   3 |  649.3 |
               +--------+--------+--------+--------+--------+-----+--------+

Top non-repeatable levels by time:
     D:1: 1143 daAuts
     D:2: 688 daAuts
     D:3: 116 daAuts
